 Dungeon Crawl Stone Soup version 0.19.5 (webtiles) character file.

282 Zhenya24pyc the Cudgeler (level 6, -2/37 HPs)
             Began as a Gargoyle Fighter on May 3, 2017.
             Slain by execc's ghost (5 damage)
             ... on level 3 of the Dungeon.
             The game lasted 00:04:34 (2701 turns).

Zhenya24pyc the Cudgeler (Gargoyle Fighter)         Turns: 2701, Time: 00:04:34

Health: -2/37      AC: 13    Str: 20    XL:     6   Next: 28%
Magic:  6/6        EV:  7    Int:  9    God:
Gold:   169        SH:  9    Dex: 10    Spells: 0 memorised, 5 levels left

rFire  . . .     SeeInvis .     a - +0 flail
rCold  . . .     Gourm    .     b - +0 scale mail
rNeg   + . .     Faith    .     c - +0 shield
rPois  ∞         Spirit   .     o - +0 helmet
rElec  +         Reflect  .     (no cloak)
rCorr  .         Harm     .     p - +0 pair of gloves
MR     .....                    (no boots)
Stlth  ..........               (no amulet)
                                (no ring)
                                (no ring)

@: no status effects
A: negative energy resistance 1, electricity resistance, unbreathing,
petrification resistance, rot immunity, AC +4
a: no special abilities


You were on level 3 of the Dungeon.
You were very hungry.

You visited 1 branch of the dungeon, and saw 3 of its levels.

You collected 169 gold pieces.

Inventory:

Hand Weapons
 a - a +0 flail (weapon)
Armour
 b - a +0 scale mail (worn)
 c - a +0 shield (worn)
 o - a +0 helmet (worn)
 p - a +0 pair of gloves (worn)
Scrolls
 e - a scroll of noise {unknown}
 l - 2 scrolls of remove curse {unknown}
 q - a scroll of identify {unknown}
Potions
 d - a potion of might
 g - 4 potions of degeneration {unknown}
 i - a potion of invisibility {unknown}
 j - 2 potions of curing {unknown}
 m - a potion of lignification {unknown}
Comestibles
 f - 2 bread rations
 k - 4 fruits
 n - a slice of pizza
 r - a meat ration


   Skills:
 - Level 3.2 Fighting
 * Level 6.4 Maces & Flails
 - Level 3.2 Armour
 - Level 3.2 Shields


You had 5 spell levels left.
You didn't know any spells.

Dungeon Overview and Level Annotations

Branches:
Dungeon (3/15)

Altars:

Annotations:
D:3 execc's ghost, novice KoHu


Innate Abilities, Weirdness & Mutations

You are resistant to torment.
Your stone body is resilient. (AC +4)
You are immune to poison.
You resist negative energy. (rN+)
You are resistant to electric shocks. (rElec)
You can survive without breathing.
You are immune to petrification.
You are immune to rotting.


Message History

Execc's ghost hits you.
* * * LOW HITPOINT WARNING * * *
You closely miss execc's ghost.
Execc's ghost is heavily damaged.
Execc's ghost hits you but does no damage.
You are feeling very hungry.
You barely miss execc's ghost.
Execc's ghost is heavily damaged.
Execc's ghost hits you but does no damage.
You closely miss execc's ghost.
Execc's ghost is heavily damaged.
Execc's ghost hits you.
* * * LOW HITPOINT WARNING * * *
You miss execc's ghost.
Execc's ghost is heavily damaged.
You block execc's ghost's attack.
You miss execc's ghost.
Execc's ghost is heavily damaged.
Execc's ghost hits you.
You die...

#... ...... # #.#.#######
###.#.##.##.##.##.##.#.#######
.............................
###.. .......................#
...... .................###...
##..#.##..#.##.##.##.#.#####.#
..........#.##.##.##.#........
##..#.#.#.#.##.##.##.#'###.#..
............W@................
##..#.#.###.##.##.##....#.##..
#. .?..............#..........
#.##.#.###.##.##.##..........
# ...........................
.## ......##.##.#....##.#... #
##.###.##'##+#....##.#... #.#
#.#... .....##.#... ... #...


You could see execc's ghost.

Vanquished Creatures
  A howler monkey (D:3)
  Jessica (D:2)
  Terence (D:3)
  Natasha (twice) (D:3)
  3 adders (D:2)
  4 worms (D:2)
  4 dart slugs
  2 leopard geckos
  An orc (D:3)
  13 goblins
  3 hobgoblins (D:2)
  9 jackals
  7 kobolds
  2 quokkas (D:2)
  2 ball pythons
  8 bats
  2 frilled lizards (D:1)
  42 rats
107 creatures vanquished.

Notes
Turn   | Place    | Note
-------+----------+-------------------------------------------
     0 | D:1      | Zhenya24pyc the Gargoyle Fighter began the quest for the Orb.
     0 | D:1      | Reached XP level 1. HP: 14/14 MP: 1/1
   180 | D:1      | Reached XP level 2. HP: 18/19 MP: 2/2
   442 | D:1      | Reached skill level 3 in Maces & Flails
   859 | D:1      | Reached XP level 3. HP: 23/23 MP: 3/3
  1059 | D:2      | Reached skill level 4 in Maces & Flails
  1103 | D:2      | Noticed Jessica
  1116 | D:2      | Killed Jessica
  1116 | D:2      | Reached XP level 4. HP: 24/28 MP: 4/4
  1547 | D:2      | Reached skill level 5 in Maces & Flails
  1547 | D:2      | Reached XP level 5. HP: 21/32 MP: 5/5
  2147 | D:3      | Noticed Terence
  2173 | D:3      | Killed Terence
  2181 | D:3      | Noticed Natasha
  2187 | D:3      | Reached skill level 6 in Maces & Flails
  2187 | D:3      | Reached XP level 6. HP: 35/37 MP: 6/6
  2194 | D:3      | Killed Natasha
  2451 | D:3      | Found a faded altar of an unknown god.
  2454 | D:3      | Noticed Natasha
  2458 | D:3      | Killed Natasha
  2588 | D:3      | Noticed execc's ghost (novice KoHu)
  2701 | D:3      | Slain by execc's ghost

Skill      XL: |  1  2  3  4  5 |
---------------+----------------+-----
Maces & Flails | 3 4 5 6 |  6.4
Fighting       | |  3.2
Armour         | |  3.2
Shields        | |  3.2

Action                   |  1- 3 |  4- 6 || total
-------------------------+-------+-------++-------
Melee: Flail             |   127 |   373 ||   500
  Eat: Chunk             |     1 |     5 ||     6
Armor: Scale mail        |    88 |   210 ||   298
Dodge: Dodged            |    40 |    94 ||   134
Block: Shield            |    67 |   195 ||   262
